[Event "Early-Titled-Tuesday-Blitz-October-10-2023"]
[Site "Chess.com"]
[Date "2023.10.10"]
[Round "4"]
[White "Manukyan_Artak"]
[Black "Kirill_Klukin"]
[Result "0-1"]
[WhiteElo "2469"]
[BlackElo "2677"]
[TimeControl "180+1"]
[EndTime "8:36:29 PDT"]
[Termination "Kirill_Klukin won by resignation"]

1. e4 d6 2. d4 f5 3. Nc3 Nf6 4. f3 Nc6 5. Bb5 Bd7 6. exf5 Bxf5 7. d5 a6 8. dxc6 axb5 9. cxb7 Rb8 10. Nxb5 Rxb7 11.
a4 Bd7 12. c4 e5 13. Ne2 Be7 14. O-O O-O 15. Be3 Qb8 16. a5 Bxb5 17. cxb5 Rxb5 18.
a6 Rxb2 19. a7 Qb7 20. Ng3 Ra8 21. Nf5 Bf8 22. Qa4 d5 23. Rfc1 d4 24. Bg5 Nd5 25. Qc6 Qxc6 26. Rxc6 Rb7 27. Rca6 Nb4 28. Re6 Rbxa7 29.
Rxa7 Rxa7 30. Rxe5 Ra1+ 0-1

[Event "Early-Titled-Tuesday-Blitz-October-10-2023"]
[Site "Chess.com"]
[Date "2023.10.10"]
[Round "4"]
[White "SmirnovAlexandrA"]
[Black "stasOR4ik"]
[Result "1-0"]
[WhiteElo "2643"]
[BlackElo "2442"]
[TimeControl "180+1"]
[EndTime "8:36:29 PDT"]
[Termination "SmirnovAlexandrA won by resignation"]

1. e4 c6 2. d4 d5 3. e5 c5 4. dxc5 e6 5. f4 Bxc5 6. Nf3 Nc6 7. Nbd2 a6 8. Nb3 Ba7 9. Bd3 Qb6 10. Qe2 Nb4 11. Bd2 Nxd3+ 12. cxd3 Ne7 13. O-O-O Bd7 14. Kb1 Ba4 15. Nfd4 Nc6 16. Bc3 O-O 17. f5 Bxb3 18.
Nxb3 d4 19. Bd2 exf5 20. e6 Qb5 21. Rhe1 Rae8 22. exf7+ Kxf7 23. Qh5+ Kg8 24. Rxe8 Qxd3+ 25. Ka1 Qc2 26. Rxf8+ Kxf8 27. Re1 Ne7 28. Bb4 g6 1-0

[Event "Early-Titled-Tuesday-Blitz-October-10-2023"]
[Site "Chess.com"]
[Date "2023.10.10"]
[Round "4"]
[White "Ariadna_Atreides"]
[Black "DerKnipser"]
[Result "0-1"]
[WhiteElo "2204"]
[BlackElo "2466"]
[TimeControl "180+1"]
[EndTime "8:36:34 PDT"]
[Termination "DerKnipser won by resignation"]

1. d4 Nf6 2. Nf3 c5 3. e3 e6 4. Bd3 cxd4 5. exd4 d5 6. O-O Be7 7. Re1 O-O 8. c3 b6 9. Ne5 Qc7 10. Bf4 Bd6 11. Bg5 Nbd7 12. Nxd7 Bxh2+ 13. Kh1 Nxd7 14. Qh5 h6 15. Bxh6 gxh6 16. Qxh6 f5 17. Qxe6+ Rf7 18. Qg6+ Rg7 19. Qxf5 Ne5 20. Qh5 Bg4 21. Qxh2 Nxd3 22.
Qxc7 Rxc7 23. Rf1 Re8 24. f3 Bf5 25. b3 Re2 26. g4 Bg6 27. Kg1 Rh7 28. Rd1 Rhh2 29.
Na3 Reg2+ 30. Kf1 Nf4 0-1

[Event "Early-Titled-Tuesday-Blitz-October-10-2023"]
[Site "Chess.com"]
[Date "2023.10.10"]
[Round "4"]
[White "BeanScreen"]
[Black "Fan_Of_Chucky"]
[Result "1-0"]
[WhiteElo "2729"]
[BlackElo "2532"]
[TimeControl "180+1"]
[EndTime "8:36:37 PDT"]
[Termination "BeanScreen won by resignation"]

1. e4 c5 2. Nf3 e6 3. d4 cxd4 4. Nxd4 a6 5. Bd3 b5 6. O-O Bb7 7. Re1 Nc6 8. Be3 Ne5 9. f4 Nxd3 10. cxd3 Nf6 11. a4 b4 12. Nd2 h5 13. h3 d6 14.
Nc4 d5 15. exd5 Nxd5 16. Qf3 Bc5 17. Bf2 Rb8 18. Qg3 Qf6 19. f5 Rd8 20. Nxe6 Bxf2+ 21. Qxf2 fxe6 22. Rxe6+ Kf7 23. Ne5+ 1-0

[Event "Early-Titled-Tuesday-Blitz-October-10-2023"]
[Site "Chess.com"]
[Date "2023.10.10"]
[Round "4"]
[White "Dewarfd"]
[Black "BeautiFullMindChess"]
[Result "1-0"]
[WhiteElo "2073"]
[BlackElo "2263"]
[TimeControl "180+1"]
[EndTime "8:36:38 PDT"]
[Termination "Dewarfd won by checkmate"]

1. d4 Nf6 2. e3 d5 3. Nf3 c5 4.
dxc5 e6 5. c4 Bxc5 6. cxd5 exd5 7.
Be2 O-O 8. a3 Nc6 9. b4 Bb6 10.
Bb2 Be6 11. O-O Ne4 12. Nc3 f5 13. b5 Na5 14. Nd4 Bxd4 15. Qxd4 Nb3 16. Qe5 Rf6 17. Rad1 Nxc3 18. Bxc3 Rc8 19. Bb2 Rg6 20. Bh5 Rf6 21. Qg3 d4 22. exd4 Rh6 23. d5 Qe7 24. dxe6 Rxh5 25.
Rd7 Qg5 26. Rxg7+ Qxg7 27. Qxg7# 1-0

[Event "Early-Titled-Tuesday-Blitz-October-10-2023"]
[Site "Chess.com"]
[Date "2023.10.10"]
[Round "4"]
[White "angryspacevoid"]
[Black "Vision_64"]
[Result "1-0"]
[WhiteElo "2521"]
[BlackElo "2347"]
[TimeControl "180+1"]
[EndTime "8:36:39 PDT"]
[Termination "angryspacevoid won by resignation"]

1. e4 e6 2. d4 d5 3. Nc3 Nf6 4. e5 Ng8 5. f4 Nh6 6. Nf3 c5 7. Be3 Nf5 8. Bf2 Qb6 9. Na4 Qa5+ 10. c3 cxd4 11. b4 Qc7 12. Nxd4 Bd7 13. Rc1 Be7 14. Nxf5 exf5 15. Nc5 O-O 16. Bd3 Be6 17. O-O b6 18. Nxe6 fxe6 19. c4 Qd7 20. Qb3 a5 21. cxd5 exd5 22.
b5 Qe6 23. Be2 Nd7 24. Rc6 Qf7 25. e6 Rfe8 26. exf7+ 1-0

[Event "Early-Titled-Tuesday-Blitz-October-10-2023"]
[Site "Chess.com"]
[Date "2023.10.10"]
[Round "4"]
[White "GothamChess"]
[Black "Ural_bogatyr"]
[Result "1-0"]
[WhiteElo "2728"]
[BlackElo "2526"]
[TimeControl "180+1"]
[EndTime "8:36:40 PDT"]
[Termination "GothamChess won by resignation"]

1. d4 Nf6 2. Bg5 d5 3. Nd2 c5 4. e3 Nc6 5. c3 e5 6. dxe5 Nxe5 7. Ngf3 Nc6 8. e4 Be7 9. Bxf6 Bxf6 10. exd5 Qxd5 11.
Bc4 Qf5 12. Qe2+ Be6 13. Bxe6 fxe6 14. O-O O-O 15. Rfe1 Rae8 16. Nc4 Re7 17. Rad1 e5 18. Nd6 Qe6 19. Qb5 Qxa2 20. Nxb7 e4 21. Nd2 e3 22. fxe3 Ne5 23. Nxc5 Ng4 24. Nc4 Bh4 25. g3 Ref7 26.
Ra1 1-0

[Event "Early-Titled-Tuesday-Blitz-October-10-2023"]
[Site "Chess.com"]
[Date "2023.10.10"]
[Round "4"]
[White "Battever"]
[Black "KatakuriDono"]
[Result "1-0"]
[WhiteElo "2518"]
[BlackElo "2335"]
[TimeControl "180+1"]
[EndTime "8:36:42 PDT"]
[Termination "Battever won by checkmate"]

1. Nf3 d5 2. g3 g6 3. Bg2 Bg7 4. d3 e5 5. O-O Ne7 6. Nc3 Nbc6 7. e4 d4 8. Ne2 O-O 9. c3 dxc3 10. bxc3 h6 11. d4 exd4 12. cxd4 Kh7 13. Bb2 f5 14. e5 Nd5 15. Nc3 Be6 16. h4 a5 17. Rc1 f4 18.
Ne4 fxg3 19. fxg3 Ne3 20. Qd3 Nxf1 21. Neg5+ hxg5 22. Nxg5+ Kg8 23. Nxe6 Qe7 24. Nxf8 Rxf8 25. Rxf1 Rxf1+ 26. Bxf1 Nb4 27. Qxg6 Nd5 28. Bd3 c6 29. Qh7+ Kf8 30. Qf5+ Kg8 31. e6 Qb4 32. Qf7+ Kh8 33. Qe8+ Bf8 34. Qh5+ Kg7 35. Qg6+ Kh8 36. Qh7# 1-0

[Event "Early-Titled-Tuesday-Blitz-October-10-2023"]
[Site "Chess.com"]
[Date "2023.10.10"]
[Round "4"]
[White "Emp3rador"]
[Black "Doomfist26"]
[Result "0-1"]
[WhiteElo "2521"]
[BlackElo "2614"]
[TimeControl "180+1"]
[EndTime "8:36:44 PDT"]
[Termination "Doomfist26 won by resignation"]

1. e4 e6 2. d4 d5 3. exd5 exd5 4. Bd3 Nc6 5. c3 Bd6 6. h3 Nge7 7. Qc2 Be6 8. Nf3 f6 9. Bxh7 Qd7 10. Bd3 O-O-O 11. Be3 g5 12. Rg1 Nf5 13. Nbd2 Nxe3 14. fxe3 Bg3+ 15.
Kd1 Kb8 16. Nf1 Bd6 17. Qd2 g4 18. hxg4 Bxg4 19. Kc2 Rdg8 20. Qf2 Bf5 21. Qd2 Be4 22. Bxe4 dxe4 23. Ne1 f5 24. g3 Rh3 25. Ng2 Qh7 26.
Qf2 Bxg3 27. Nxg3 Rhxg3 28. Nf4 Rf3 29. Rxg8+ Qxg8 30. Qe2 Qg3 31. Re1 Rf2 32. Rg1 Qxg1 0-1

[Event "Early-Titled-Tuesday-Blitz-October-10-2023"]
[Site "Chess.com"]
[Date "2023.10.10"]
[Round "4"]
[White "c63_amg"]
[Black "JSlaby"]
[Result "1/2-1/2"]
[WhiteElo "2802"]
[BlackElo "2581"]
[TimeControl "180+1"]
[EndTime "8:36:47 PDT"]
[Termination "Game drawn by agreement"]

1. e4 c5 2. Nf3 d6 3. d4 cxd4 4. Qxd4 Nc6 5. Bb5 Qa5+ 6. Nc3 Qxb5 7. Nxb5 Nxd4 8. Nfxd4 Kd8 9. f3 Bd7 10. c4 e5 11. Nf5 Bxb5 12. cxb5 Kd7 13. O-O Rc8 14. Rd1 g6 15. Ne3 Bh6 16. Nd5 Bxc1 17. Raxc1 Ne7 18. Nc3 Rc7 19. Rd2 Ke6 20. Rcd1 Rd8 21. Kf2 f5 22. h4 Rc5 23. h5 d5 24. hxg6 hxg6 25. exd5+ Nxd5 26. a4 Nxc3 27. Rxd8 Nxd1+ 28. Rxd1 Rc2+ 29. Kg3 Rxb2 30.
Rd8 Rb4 31. Ra8 Rxa4 32. b6 a5 33. Ra7 Kf6 34. Rxb7 Rb4 35. Rb8 Kg5 36. Ra8 Rxb6 37. Rxa5 f4+ 38. Kh3 Kf5 39. Kh2 g5 40. Ra8 Rh6+ 41.
Kg1 g4 42. Rf8+ Rf6 43. fxg4+ Kg5 44. Re8 1/2-1/2

[Event "Early-Titled-Tuesday-Blitz-October-10-2023"]
[Site "Chess.com"]
[Date "2023.10.10"]
[Round "4"]
[White "unclear15"]
[Black "DonCiao"]
[Result "1-0"]
[WhiteElo "2435"]
[BlackElo "2063"]
[TimeControl "180+1"]
[EndTime "8:36:48 PDT"]
[Termination "unclear15 won by checkmate"]

1. b3 e5 2. Bb2 Nc6 3. e3 Nf6 4. Nf3 Bd6 5. c4 e4 6. Nd4 Nxd4 7. Bxd4 O-O 8. Nc3 c6 9. Bxf6 Qxf6 10. Nxe4 Qe7 11.
Nxd6 Qxd6 12. Be2 Qg6 13. O-O d5 14. d4 Re8 15. Bf3 Be6 16. Rc1 dxc4 17. bxc4 Bf5 18. d5 Rad8 19. Qb3 cxd5 20. cxd5 Rd7 21. Rfd1 h5 22.
Qa3 a6 23. d6 Be4 24. Bxe4 Qxe4 25. Rc7 Red8 26. Rxd7 Rxd7 27. Qc5 Qe6 28. e4 g6 29. e5 Kg7 30. h3 Qxa2 31. Qd4 Qe6 32. Rd3 b5 33. Rf3 Rd8 34. Rf6 Qd7 35. e6 Qxd6 36. Rxf7+ Kh6 37. Qg7+ Kg5 38. f4+ Kh4 39. Qf6+ Kg3 40.
Qg5# 1-0

[Event "Early-Titled-Tuesday-Blitz-October-10-2023"]
[Site "Chess.com"]
[Date "2023.10.10"]
[Round "4"]
[White "FoxOnTheRun97"]
[Black "SALVA-DALI"]
[Result "0-1"]
[WhiteElo "2548"]
[BlackElo "2742"]
[TimeControl "180+1"]
[EndTime "8:36:49 PDT"]
[Termination "SALVA-DALI won by resignation"]

1. d4 Nf6 2. Bg5 Ne4 3. h4 c5 4. d5 d6 5. Nd2 Nf6 6. e4 h6 7. Bxf6 exf6 8. Bd3 Be7 9. Ne2 O-O 10. Ng3 f5 11. exf5 Bxh4 12. Qg4 Re8+ 13. Nde4 Bxg3 14.
fxg3 c4 15. Bxc4 Qg5 16. Qe2 Qe7 17. Nc3 Qd8 18. Ne4 Bxf5 19. Bd3 Bxe4 20. Bxe4 f5 21.
Rh4 Qxh4 22. gxh4 Rxe4 23. Qxe4 fxe4 24. Ke2 Nd7 25. g4 Rc8 26. c3 Nf6 27. g5 hxg5 28. hxg5 Nxd5 29. Rd1 Nf4+ 30. Ke3 Ne6 31. Rxd6 Nxg5 32.
Rd5 Nh7 33. Rd7 Nf6 34. Rxb7 Re8 35. Rxa7 Nd5+ 36. Ke2 Nf4+ 37. Ke3 Ng2+ 38. Ke2 e3 39.
Ra4 g5 40. Rg4 Nf4+ 41. Ke1 e2 42. Rxg5+ Kh7 43. Rg3 Rd8 44. Kf2 Rd1 45. Re3 Rf1+ 46.
Kg3 Nh5+ 47. Kg4 e1=Q 48. Rxe1 Rxe1 49. Kxh5 Re2 50. b4 Rxa2 51. Kg5 Rc2 52. Kf4 Rxc3 53. Ke5 Rb3 54. b5 Rxb5+ 0-1

[Event "Early-Titled-Tuesday-Blitz-October-10-2023"]
[Site "Chess.com"]
[Date "2023.10.10"]
[Round "4"]
[White "GMMatamoros"]
[Black "MdChess1734"]
[Result "1-0"]
[WhiteElo "2574"]
[BlackElo "2383"]
[TimeControl "180+1"]
[EndTime "8:36:49 PDT"]
[Termination "GMMatamoros won on time"]

1. c4 e5 2. Nc3 Nf6 3. e3 Nc6 4. g4 Bb4 5. g5 Ng8 6. Nd5 Bd6 7. h4 h6 8. Nh3 hxg5 9. Nxg5 Nf6 10. Qf3 Nb4 11. Nxb4 Bxb4 12. a3 Be7 13. b4 a5 14. b5 d5 15. Bb2 d4 16. exd4 exd4 17. Qf4 Bc5 18. Bg2 Qe7+ 19. Kf1 O-O 20. h5 Qd6 21.
Qh4 Ng4 22. h6 Nxh6 23. Ne4 Qe5 24. Nxc5 Qxc5 25. Bxd4 1-0

[Event "Early-Titled-Tuesday-Blitz-October-10-2023"]
[Site "Chess.com"]
[Date "2023.10.10"]
[Round "4"]
[White "Legendinunknown"]
[Black "mishanick"]
[Result "0-1"]
[WhiteElo "2824"]
[BlackElo "3080"]
[TimeControl "180+1"]
[EndTime "8:36:50 PDT"]
[Termination "mishanick won by checkmate"]

1. d4 Nf6 2. c4 e6 3. Nc3 d5 4. cxd5 exd5 5. Bg5 Bb4 6. e3 h6 7. Bxf6 Qxf6 8. Qa4+ Nc6 9. Bb5 Bd7 10. Ne2 Qd6 11. a3 Bxc3+ 12. Nxc3 Ne7 13. Bxd7+ Qxd7 14. Qxd7+ Kxd7 15. Kd2 c6 16. b4 Nf5 17. b5 Nd6 18.
bxc6+ bxc6 19. Rhb1 Rhb8 20. Kd3 Nc4 21. Na4 Kc7 22.
Nc5 Rb6 23. Kc3 Rab8 24. Rb4 a5 25. Rxb6 Rxb6 26. Na4 Rb5 27. e4 Nd6 28. exd5 Rxd5 29. Re1 Nb5+ 30. Kb3 Nxd4+ 31. Kc4 Ne6 32. Nc3 Rd4+ 33.
Kb3 Rd2 34. f4 Rxg2 35. f5 Nd4+ 36. Ka4 Nxf5 37. Kxa5 Rg4 38. Re5 g6 39. Ne4 Rh4 40. Ka6 Rxh2 41. a4 Re2 42. a5 h5 43. Ka7 h4 44. Re8 h3 45. a6 h2 46. Rh8 Rxe4 47. Rxh2 Ra4 48. Rh8 Nd6 49. Rb8 Nb5+ 50. Rxb5 cxb5 51.
Ka8 Rxa6# 0-1

[Event "Early-Titled-Tuesday-Blitz-October-10-2023"]
[Site "Chess.com"]
[Date "2023.10.10"]
[Round "4"]
[White "Rodalquilar"]
[Black "Zhigalko_Sergei"]
[Result "1-0"]
[WhiteElo "2753"]
[BlackElo "2935"]
[TimeControl "180+1"]
[EndTime "8:36:54 PDT"]
[Termination "Rodalquilar won on time"]

1. d4 Nf6 2. Nf3 e6 3. Bf4 d5 4. e3 Bd6 5. Nbd2 Bxf4 6. exf4 O-O 7. c3 b6 8. h4 c5 9. h5 Ba6 10. Bxa6 Nxa6 11. h6 g6 12. Qe2 Nb8 13. Ne5 Qc7 14. O-O Nc6 15. Ndf3 Ne7 16. g4 Ne4 17. Ng5 Nxg5 18.
fxg5 f6 19. gxf6 Rxf6 20. f4 Raf8 21. Qe3 Nc6 22. Rae1 Nxe5 23. fxe5 R6f7 24. Kg2 cxd4 25. cxd4 Qc2+ 26. Re2 Qd1 27. Rxd1 1-0

[Event "Early-Titled-Tuesday-Blitz-October-10-2023"]
[Site "Chess.com"]
[Date "2023.10.10"]
[Round "4"]
[White "chesselephant"]
[Black "Druid24"]
[Result "0-1"]
[WhiteElo "2521"]
[BlackElo "2713"]
[TimeControl "180+1"]
[EndTime "8:36:54 PDT"]
[Termination "Druid24 won by resignation"]

1. d4 Nf6 2. c4 e6 3. Nc3 Bb4 4.
e3 O-O 5. Bd3 Re8 6. Nf3 Bxc3+ 7.
bxc3 d6 8. O-O e5 9. Nd2 e4 10. Bc2 Bf5 11. Rb1 b6 12. h3 Nbd7 13. f4 h5 14. Qe1 g6 15. Qf2 Kg7 16. Kh2 Qe7 17. Re1 Rh8 18. Ba3 Rh7 19. Ba4 Rah8 20. Kg1 Ng4 21. Qe2 Qh4 22. Nf1 Ndf6 23. c5 d5 24. cxb6 axb6 25. Be7 Nh6 26. Bc6 Be6 27.
Qf2 Qxf2+ 28. Kxf2 Nf5 29. Bb4 h4 30. a4 Bd7 31. Bxd7 Nxd7 32. a5 Ra8 33. Ra1 c5 34. dxc5 bxc5 35. Ba3 Rxa5 36. Bb2 Rb5 37. Reb1 c4 38. Ba3 Rxb1 39. Rxb1 Rh8 40. Rb7 Nf6 41. Nd2 Ra8 42. Ke2 0-1

[Event "Early-Titled-Tuesday-Blitz-October-10-2023"]
[Site "Chess.com"]
[Date "2023.10.10"]
[Round "4"]
[White "Kielinkei"]
[Black "Shiirav"]
[Result "0-1"]
[WhiteElo "2464"]
[BlackElo "2664"]
[TimeControl "180+1"]
[EndTime "8:36:54 PDT"]
[Termination "Shiirav won by resignation"]

1. d4 Nf6 2. c4 g6 3. Nc3 Bg7 4. e4 d6 5. Be3 O-O 6. Be2 e5 7. d5 Na6 8. g4 Nc5 9. f3 h5 10. g5 Nh7 11. Qd2 a5 12. O-O-O Bd7 13. h4 f6 14. Nh3 Bxh3 15. Rxh3 fxg5 16. hxg5 a4 17. Kb1 Rf4 18. Bxf4 exf4 19. Nb5 Nxg5 20.
Rh4 Nxf3 21. Bxf3 Qxh4 22. Nxc7 Rf8 23. Ne6 Nxe6 24. dxe6 Qh3 25. Qe2 Qxe6 26. e5 Qxe5 27. Qg2 a3 28. Rd2 Kh7 29. Be4 Rf6 30. Rd5 f3 31.
Bxf3 Qe1+ 32. Rd1 Qb4 33. Bxb7 Rf5 34. Be4 Rg5 35. Qc2 Bxb2 36. Qb3 Qc5 37. Qb7+ Bg7 38.
Rf1 Rg1 39. Bxg6+ Rxg6 0-1

[Event "Early-Titled-Tuesday-Blitz-October-10-2023"]
[Site "Chess.com"]
[Date "2023.10.10"]
[Round "4"]
[White "Cambek64"]
[Black "Dannyyi"]
[Result "0-1"]
[WhiteElo "2424"]
[BlackElo "2209"]
[TimeControl "180+1"]
[EndTime "8:36:54 PDT"]
[Termination "Dannyyi won by checkmate"]

1. e4 c5 2. Nc3 d6 3. d4 cxd4 4. Qxd4 Nc6 5. Qd2 g6 6. b3 Bh6 7.
Bb2 Bxd2+ 8. Kxd2 Nf6 9. Rd1 O-O 10. Kc1 a6 11. Kb1 b5 12. f3 Be6 13. g4 b4 14. Nce2 a5 15. h4 h5 16. Nf4 Ne5 17.
gxh5 Qb6 18. hxg6 Nxg6 19. Nge2 a4 20. h5 Nxf4 21. Nxf4 axb3 22. axb3 Qa7 23. Bd3 Rfc8 24. h6 Bxb3 25. h7+ Nxh7 26. Rxh7 Bxc2+ 27. Bxc2 Qa2+ 28. Kc1 Rxc2+ 29. Kxc2 Rc8+ 30. Kd3 Qb3+ 31. Ke2 Qxb2+ 32. Rd2 Qe5 33. Rh4 Rc3 34. Rd5 Rc2+ 35. Ke3 Qc3+ 36. Nd3 Qd2+ 37. Kd4 e5+ 38. Rxe5 dxe5+ 39. Kxe5 Qxd3 40.
Rg4+ Kf8 41. Rf4 Rc5+ 42. Kf6 Qd6# 0-1

[Event "Early-Titled-Tuesday-Blitz-October-10-2023"]
[Site "Chess.com"]
[Date "2023.10.10"]
[Round "4"]
[White "HrvojeZagreb"]
[Black "Witaliss"]
[Result "1-0"]
[WhiteElo "2322"]
[BlackElo "2459"]
[TimeControl "180+1"]
[EndTime "8:36:56 PDT"]
[Termination "HrvojeZagreb won by resignation"]

1. d4 Nf6 2. Bf4 d6 3. Nc3 Nbd7 4. Nf3 c6 5. e4 e6 6. a4 a5 7. h3 Be7 8. Be2 O-O 9. O-O b6 10. Bh2 Ba6 11. e5 dxe5 12. dxe5 Nd5 13. Ne4 Nc5 14.
Nd6 Bxd6 15. exd6 f6 16. Bxa6 Rxa6 17. Nd4 Qd7 18. Re1 e5 19. Nb5 Kh8 20. c4 Nb4 21. Nc7 Ra7 22. f4 Nbd3 23. fxe5 Nxe1 24. Qxe1 fxe5 25. Qxe5 Qf5 26. Qxf5 Rxf5 27. Re1 h5 28. Re7 Rf8 29. Be5 Rg8 30. d7 Nd3 31. Bxg7+ Kh7 32. Bf8+ Kg6 33. d8=Q 1-0

[Event "Early-Titled-Tuesday-Blitz-October-10-2023"]
[Site "Chess.com"]
[Date "2023.10.10"]
[Round "4"]
[White "TregubovP"]
[Black "topin8"]
[Result "1-0"]
[WhiteElo "2586"]
[BlackElo "2428"]
[TimeControl "180+1"]
[EndTime "8:36:58 PDT"]
[Termination "TregubovP won on time"]

1. e4 e5 2. Nf3 Nc6 3. Bc4 Nf6 4. d3 Bc5 5. Nc3 d6 6. Na4 Bb6 7. a3 d5 8. exd5 Nxd5 9. O-O O-O 10. Re1 Re8 11. Ng5 Be6 12. Nxe6 Rxe6 13. Nxb6 axb6 14.
Qf3 Nce7 15. Bg5 f6 16. Bd2 Rc6 17. Bb3 Kh8 18. g3 b5 19. Re4 Nb6 20. Qh5 Qe8 21.
Bf7 Qf8 22. Qxh7+ 1-0

[Event "Early-Titled-Tuesday-Blitz-October-10-2023"]
[Site "Chess.com"]
[Date "2023.10.10"]
[Round "4"]
[White "DarZay"]
[Black "Journey_to_GrandMaster_YT"]
[Result "0-1"]
[WhiteElo "2238"]
[BlackElo "2622"]
[TimeControl "180+1"]
[EndTime "8:36:59 PDT"]
[Termination "Journey_to_GrandMaster_YT won by resignation"]

1. e4 d6 2. d4 Nf6 3. Nc3 e5 4. d5 Be7 5. f3 O-O 6. Be3 c6 7. Nge2 cxd5 8. Nxd5 Nxd5 9. Qxd5 Nc6 10. a3 Be6 11. Qd2 d5 12. exd5 Bxd5 13. O-O-O Be6 14. Qxd8 Rfxd8 15. Rxd8+ Rxd8 16. Nc3 f5 17. Bb5 Nd4 18. Rd1 Nxb5 19. Rxd8+ Bxd8 20. Nxb5 a6 21. Nc3 Kf7 22. Kd2 g5 23. g3 Bd7 24.
Nd5 b5 25. b3 Bc6 26. c4 bxc4 27. bxc4 Ba5+ 28. Kd3 h6 29. h4 gxh4 30. gxh4 h5 31. Bg5 Ke6 32. Ke3 Bxd5 33. cxd5+ Kxd5 34. Be7 Bb6+ 35. Kd3 e4+ 36. fxe4+ fxe4+ 37. Kc3 Bc5 38. Bxc5 Kxc5 39.
a4 a5 40. Kd2 Kb4 41. Ke3 Kxa4 42. Kxe4 Kb3 43. Kf5 a4 44. Kg5 a3 45. Kxh5 a2 46. Kg6 a1=Q 47. h5 Qh8 0-1

[Event "Early-Titled-Tuesday-Blitz-October-10-2023"]
[Site "Chess.com"]
[Date "2023.10.10"]
[Round "4"]
[White "deribas12345"]
[Black "eljanov"]
[Result "0-1"]
[WhiteElo "2597"]
[BlackElo "2899"]
[TimeControl "180+1"]
[EndTime "8:37:02 PDT"]
[Termination "eljanov won by resignation"]

1. d4 d5 2. c4 e6 3. Nc3 Nf6 4. cxd5 exd5 5. Bg5 Be7 6. e3 h6 7. Bh4 Bg4 8. f3 Be6 9. Bd3 O-O 10. Nge2 c5 11.
O-O Nc6 12. Kh1 cxd4 13. Nxd4 Nxd4 14. exd4 Qb6 15. Qd2 Rfe8 16. Rae1 Rac8 17. Bb1 Ne4 18. Rxe4 dxe4 19. Bxe7 Rxe7 20. fxe4 Rd8 21. d5 Bc8 22.
b3 Qb4 23. Qd3 Re5 24. h3 Bd7 25. Qg3 Qe7 26. Rf3 Qg5 27. Qxg5 hxg5 28. Kg1 Rc8 29. Kf2 b5 30. a3 a5 31. Ke3 Rxc3+ 32. Kd4 Rxf3 33. gxf3 f6 34. Kc5 Bxh3 35. Kxb5 Bg2 36. Kc6 Bxf3 37. d6 Bxe4+ 38. Bxe4 Rxe4 39. Kd5 Re1 0-1

[Event "Early-Titled-Tuesday-Blitz-October-10-2023"]
[Site "Chess.com"]
[Date "2023.10.10"]
[Round "4"]
[White "draksbg"]
[Black "vladislavkovalev"]
[Result "0-1"]
[WhiteElo "2596"]
[BlackElo "2889"]
[TimeControl "180+1"]
[EndTime "8:37:02 PDT"]
[Termination "vladislavkovalev won by resignation"]

1. e4 e5 2. Nf3 Nc6 3. Bc4 Nf6 4. d3 Bc5 5. O-O d6 6. h3 a6 7. c3 h6 8. Bb3 Ba7 9. Nbd2 g5 10. Nc4 g4 11.
Ne1 gxh3 12. g3 Ng4 13. Ne3 h5 14. Qf3 Rh7 15. Kh1 Na5 16. Bc2 Be6 17. b4 Nc6 18. a4 Ne7 19. Bd2 Qd7 20. b5 Bxe3 21. Bxe3 axb5 22. a5 f5 23. d4 Rf7 24. d5 Bxd5 25.
exd5 e4 26. Bxe4 fxe4 27. Qxe4 Qf5 28. Qxf5 Rxf5 29. Nc2 Nxd5 30. Bd4 c5 31. f3 cxd4 32. Nxd4 Nge3 33. Rfe1 Kd7 34. Nxf5 Nxf5 35. Kh2 Rg8 36. Rg1 Nxc3 37. Rae1 b4 38. Kxh3 b3 39. g4 b2 0-1

[Event "Early-Titled-Tuesday-Blitz-October-10-2023"]
[Site "Chess.com"]
[Date "2023.10.10"]
[Round "4"]
[White "Iball95"]
[Black "ArmanGhevondyanchess"]
[Result "1-0"]
[WhiteElo "2785"]
[BlackElo "2571"]
[TimeControl "180+1"]
[EndTime "8:37:05 PDT"]
[Termination "Iball95 won by checkmate"]

1. e4 c5 2. Nf3 Nc6 3. Nc3 g6 4.
d4 cxd4 5. Nxd4 Bg7 6. Nxc6 bxc6 7. Bc4 Nf6 8. e5 Ng8 9. Qf3 f5 10. Bf4 e6 11. O-O-O Qa5 12. Bxe6 Ne7 13. Bb3 h6 14. h4 Bb7 15. Rhe1 O-O-O 16. Kb1 Kc7 17. Rd6 Kc8 18. e6 g5 19. exd7+ Rxd7 20. Be6 Rd8 21. hxg5 Qb4 22.
Rxd7 Rxd7 23. Bxd7+ Kxd7 24. Rd1+ Ke8 25. Bd6 Qa5 26. Re1 Bf8 27. gxh6 Kd7 28. h7 Nd5 29.
Bxf8 c5 30. h8=Q Qb4 31. Qg7+ Kc6 32. Qxd5+ Kb6 33. Qgxb7+ Ka5 34. Qxa7# 1-0

[Event "Early-Titled-Tuesday-Blitz-October-10-2023"]
[Site "Chess.com"]
[Date "2023.10.10"]
[Round "4"]
[White "Efremov_Vlad"]
[Black "MMAHDI2013"]
[Result "1-0"]
[WhiteElo "2327"]
[BlackElo "2493"]
[TimeControl "180+1"]
[EndTime "8:37:06 PDT"]
[Termination "Efremov_Vlad won on time"]

1. e4 c6 2. d4 d5 3. e5 c5 4. dxc5 e6 5. a3 Bxc5 6. b4 Be7 7. Nf3 a5 8. b5 Nd7 9. Bb2 f6 10. Nbd2 Nh6 11. Bd3 Nf7 12. exf6 Bxf6 13. Bxf6 Qxf6 14. O-O e5 15. c4 e4 16. cxd5 exf3 17. Re1+ Kf8 18.
Ne4 Qg6 19. Ng3 Qf6 20. Re6 Qg5 21. Qxf3 Ne5 22. Qe4 Bxe6 23. dxe6 Nd6 24. Qd5 Rd8 25. f4 Nef7 26. fxg5 1-0

[Event "Early-Titled-Tuesday-Blitz-October-10-2023"]
[Site "Chess.com"]
[Date "2023.10.10"]
[Round "4"]
[White "subham777"]
[Black "Goi_Manne"]
[Result "1-0"]
[WhiteElo "2506"]
[BlackElo "2299"]
[TimeControl "180+1"]
[EndTime "8:37:08 PDT"]
[Termination "subham777 won by resignation"]

1. e4 c5 2. Nf3 e6 3. g3 a6 4. Bg2 Qc7 5. O-O Nc6 6. c3 Nf6 7. Re1 d6 8. d4 cxd4 9. cxd4 d5 10.
exd5 Nxd5 11. Nc3 Nxc3 12. bxc3 Be7 13. Bf4 Qa5 14. Qd2 O-O 15. Ne5 Nxe5 16. Rxe5 Qa3 17. Rae1 Ra7 18. R5e2 b5 19. d5 Rd7 20. Re5 Bf6 21. R5e3 exd5 22. Be5 Bxe5 23. Rxe5 Bb7 24. Re8 h6 25. Qd4 Kh7 26. Bh3 Rxe8 27. Bf5+ g6 28. Rxe8 f6 29. Bxd7 b4 30. Re7+ Kg8 31.
Be6+ 1-0

[Event "Early-Titled-Tuesday-Blitz-October-10-2023"]
[Site "Chess.com"]
[Date "2023.10.10"]
[Round "4"]
[White "NicolaiMaxime"]
[Black "N4700000"]
[Result "1-0"]
[WhiteElo "2592"]
[BlackElo "2385"]
[TimeControl "180+1"]
[EndTime "8:37:10 PDT"]
[Termination "NicolaiMaxime won on time"]

1. e4 c6 2. d4 d5 3. e5 Bf5 4. h4 h5 5. Bd3 Bxd3 6. Qxd3 Qa5+ 7. c3 e6 8. Ne2 Qa6 9. Qc2 Ne7 10. O-O Nf5 11. Bg5 Nd7 12. Ng3 f6 13. Nxf5 fxg5 14. Nd6+ Bxd6 15. Qg6+ Kd8 16. exd6 Qe2 17. Qxg5+ Kc8 18.
Nd2 Qg4 19. Qe7 Qg6 20. Rae1 Re8 21. Qg5 Qxg5 22. hxg5 Nf8 23. c4 dxc4 24. Nxc4 Kd7 25. Rc1 Rac8 26. Rc3 b5 27. Ne5+ Kxd6 28. Rfc1 c5 29.
Rxc5 Rxc5 30. Rxc5 a6 31. Rc6+ Kd5 32. Rxa6 Kxd4 33.
Nf3+ Kd3 34. Rb6 Nd7 35. Rxb5 e5 36. Rb7 Nc5 37. Rxg7 e4 38. Nh4 Ne6 39. Rh7 Nxg5 40. Rxh5 Rg8 41. Kh2 Ne6 42. Rd5+ Ke2 43. Re5 Nd4 44.
Rxe4+ Kd3 45. Re3+ Kc2 46. Nf3 Nf5 47. Re2+ 1-0

[Event "Early-Titled-Tuesday-Blitz-October-10-2023"]
[Site "Chess.com"]
[Date "2023.10.10"]
[Round "4"]
[White "DonJuanEGenaro"]
[Black "PatzerSmashers"]
[Result "1-0"]
[WhiteElo "1860"]
[BlackElo "2413"]
[TimeControl "180+1"]
[EndTime "8:37:10 PDT"]
[Termination "DonJuanEGenaro won on time"]

1. d4 Nf6 2. Nf3 d5 3. c4 e6 4. Nc3 c6 5. e3 Nbd7 6. Bd3 dxc4 7. Bxc4 b5 8. Bd3 a6 9. e4 c5 10. d5 c4 11. dxe6 fxe6 12. Bc2 Qc7 13. Qe2 Bd6 14. O-O O-O 15. Bg5 Bb7 16. Rad1 Nc5 17. Rxd6 Qxd6 18.
e5 Bxf3 19. gxf3 Qc6 20. exf6 gxf6 21. Bh6 Rf7 22. Be4 Nxe4 23. Qxe4 Qxe4 24. Nxe4 Rd8 25. Kh1 Kh8 26. Nc5 e5 27. Nxa6 Rfd7 28. Rg1 Rg8 29. Re1 Rgd8 30. Kg2 Rg8+ 31. Kf1 Rgd8 32.
Ke2 Rd3 33. Nc5 R3d6 34. Ne4 Ra6 35. a3 f5 36. Ng3 1-0